[Event "FIDE WCCC Open-12 2024"]
[Site "Montesilvano"]
[Date "2024.11.24"]
[Round "9.41"]
[White "Bundan, Edward"]
[Black "Miransh Vyas"]
[Result "0-1"]
[ECO "B12"]
[WhiteElo "1905"]
[BlackElo "1705"]
[Annotator "NA RC"]
[PlyCount "88"]
[EventDate "2024.11.18"]
[EventType "swiss"]
[EventCountry "ITA"]
[SourceTitle "playchess.com"]
[Source "ChessBase"]
[SourceQuality "1"]
[TimeControl "5400+30"]

1. e4 c6 2. d4 d5 3. e5 Bf5 4. Nf3 e6 5. Be2 a6 6. O-O Bg6 7. a4 c5 8. dxc5 Bxc5 9. c3 Nd7 10. a5 Qc7 11. Qa4 Ne7 12. b4 Ba7 13. Bf4 O-O 14. Nbd2 Nc6 15. c4 Ncxe5 16. Nxe5 Nxe5 17. Bg3 Rad8 18. Rfc1 d4 19. c5 d3 20. Bf1 f5 21. Bxe5 Qxe5 22. Nc4 Qd4 23. Nd6 Rxd6 24. Bxd3 Rdd8 25. Bc4 Bf7 26. Qb3 Qf6 27. Qf3 Rd7 28. c6 bxc6 29. Bxa6 Rd2 30. Be2 Rfd8 31. Rab1 Be8 32. h3 e5 33. Re1 e4 34. Qb3+ Bf7 35. Qa3 Qd4 36. Qg3 Bb8 37. Qa3 Qe5 38. g3 f4 39. Rbd1 fxg3 40. fxg3 Ba7+ 41. Kh2 e3 42. Rc1 Bb8 43. Rg1 Rxe2+ 44. Kh1 Bd5+ 0-1

[Event "FIDE WCCC Open-12 2024"]
[Site "Montesilvano"]
[Date "2024.11.24"]
[Round "9.43"]
[White "Mikolavicius, Julius"]
[Black "Huseynov, Ahmed"]
[Result "0-1"]
[ECO "C06"]
[WhiteElo "1746"]
[BlackElo "1886"]
[Annotator "NA RC"]
[PlyCount "110"]
[EventDate "2024.11.18"]
[EventType "swiss"]
[EventCountry "ITA"]
[SourceTitle "playchess.com"]
[Source "ChessBase"]
[SourceQuality "1"]
[TimeControl "5400+30"]

1. e4 e6 2. d4 d5 3. Nd2 Be7 4. Ngf3 Nf6 5. e5 Nfd7 6. Bd3 c5 7. c3 Nc6 8. O-O g5 9. dxc5 Ndxe5 10. Bb5 Bd7 11. Bxc6 Nxc6 12. Re1 Bxc5 13. Nb3 Be7 14. Nfd4 h5 15. Qe2 Qc7 16. Nb5 Qb8 17. Be3 a6 18. N5d4 Qc7 19. Nxc6 Qxc6 20. Bd4 f6 21. a4 Kf7 22. Qe3 e5 23. Bc5 Bd8 24. Qd3 Be6 25. Be3 Be7 26. Na5 Qc7 27. b4 Rac8 28. Rec1 f5 29. Nb3 f4 30. Bc5 Bf6 31. a5 Qc6 32. Re1 h4 33. f3 Rcg8 34. h3 e4 35. Qd2 exf3 36. gxf3 Bxh3 37. Nd4 Qd7 38. Kh1 Re8 39. Rad1 Rxe1+ 40. Rxe1 Re8 41. Rxe8 Qxe8 42. Kh2 Bd7 43. Qd3 Qe5 44. Qh7+ Bg7 45. Qh5+ Kg8 46. Qg6 g4 47. Qb1 g3+ 48. Kh1 h3 49. Qd1 Qe3 50. Nc2 Qe6 51. Qe1 Qxe1+ 52. Nxe1 Bf5 53. Bd6 Bxc3 54. Bxf4 Bxe1 55. Bd6 Bf2 0-1

[Event "FIDE WCCC Open-12 2024"]
[Site "Montesilvano"]
[Date "2024.11.24"]
[Round "9.44"]
[White "Shirinov, Yashar"]
[Black "Gazzato, Nicolo`"]
[Result "1/2-1/2"]
[ECO "D85"]
[WhiteElo "1642"]
[BlackElo "1868"]
[Annotator "NA RC"]
[PlyCount "33"]
[EventDate "2024.11.18"]
[EventType "swiss"]
[EventCountry "ITA"]
[SourceTitle "playchess.com"]
[Source "ChessBase"]
[SourceQuality "1"]
[TimeControl "5400+30"]

1. d4 Nf6 2. c4 g6 3. Nc3 d5 4. cxd5 Nxd5 5. Bd2 Bg7 6. e4 Nxc3 7. Bxc3 Nd7 8. Nf3 O-O 9. Bd3 Nb6 10. h3 Be6 11. d5 Bd7 12. Bxg7 Kxg7 13. a4 a5 14. O-O c6 15. dxc6 Bxc6 16. b3 Qd6 17. Qe2 1/2-1/2

[Event "FIDE WCCC Open-12 2024"]
[Site "Montesilvano"]
[Date "2024.11.24"]
[Round "9.45"]
[White "Farzaleev, Daniyar"]
[Black "Liu, Richard Jingjie"]
[Result "1/2-1/2"]
[ECO "C64"]
[WhiteElo "1622"]
[BlackElo "1795"]
[Annotator "NA RC"]
[PlyCount "61"]
[EventDate "2024.11.18"]
[EventType "swiss"]
[EventCountry "ITA"]
[SourceTitle "playchess.com"]
[Source "ChessBase"]
[SourceQuality "1"]
[TimeControl "5400+30"]

1. e4 e5 2. Nf3 Nc6 3. Bb5 Bc5 4. O-O Nd4 5. Nxd4 Bxd4 6. c3 Bb6 7. d4 c6 8. Ba4 d6 9. dxe5 dxe5 10. Nd2 Nf6 11. h3 Be6 12. Qe2 O-O 13. Nf3 Bc7 14. Bg5 h6 15. Bh4 Qe7 16. Rfd1 Rad8 17. Bc2 b5 18. Bb3 Bxb3 19. axb3 a5 20. Rxd8 Rxd8 21. Bxf6 Qxf6 22. Rd1 Qe6 23. Rxd8+ Bxd8 24. c4 b4 25. Qe3 Qd6 26. Qa7 Bf6 27. Kh2 Qd3 28. Qxa5 Qxb3 29. Qa8+ Kh7 30. Qxc6 Qxb2 31. Qd7 1/2-1/2

[Event "FIDE WCCC Open-12 2024"]
[Site "Montesilvano"]
[Date "2024.11.24"]
[Round "9.46"]
[White "Mintz, Nathan"]
[Black "Dos Santos, Leonardo Lopes"]
[Result "0-1"]
[ECO "A21"]
[WhiteElo "1633"]
[BlackElo "1930"]
[Annotator "NA RC"]
[PlyCount "54"]
[EventDate "2024.11.18"]
[EventType "swiss"]
[EventCountry "ITA"]
[SourceTitle "playchess.com"]
[Source "ChessBase"]
[SourceQuality "1"]
[TimeControl "5400+30"]

1. c4 e5 2. Nc3 Bb4 3. g3 Bxc3 4. bxc3 Nc6 5. Bg2 d6 6. d3 f5 7. Nf3 Nf6 8. O-O O-O 9. h3 Qe8 10. Rb1 Rb8 11. Be3 Qh5 12. Bg5 Be6 13. Bxf6 Rxf6 14. Nd2 Ne7 15. Nb3 f4 16. g4 Bxg4 17. hxg4 Qxg4 18. f3 Qg5 19. Rf2 Nf5 20. Nd2 Rh6 21. Qb3 Ne3 22. Nf1 Rg6 23. Nd2 Qh4 24. Ne4 Qh3 25. c5+ Kh8 26. cxd6 Rxg2+ 27. Rxg2 Qxg2# 0-1

[Event "FIDE WCCC Open-12 2024"]
[Site "Montesilvano"]
[Date "2024.11.24"]
[Round "9.47"]
[White "Fadeev, Justin Michael"]
[Black "Leht, Karl Samuel"]
[Result "1/2-1/2"]
[ECO "B42"]
[WhiteElo "1878"]
[BlackElo "1701"]
[Annotator "NA RC"]
[PlyCount "84"]
[EventDate "2024.11.18"]
[EventType "swiss"]
[EventCountry "ITA"]
[SourceTitle "playchess.com"]
[Source "ChessBase"]
[SourceQuality "1"]
[TimeControl "5400+30"]

1. e4 c5 2. Nf3 e6 3. d4 cxd4 4. Nxd4 a6 5. Bd3 Bc5 6. Nb3 Ba7 7. c4 Nc6 8. O-O Nf6 9. Qe2 d6 10. Be3 h6 11. Bxa7 Rxa7 12. Nc3 b6 13. Rad1 Rd7 14. f4 e5 15. Nd5 O-O 16. fxe5 Nxd5 17. cxd5 Nxe5 18. Bxa6 Qe7 19. Bxc8 Rxc8 20. Nd4 g6 21. b4 Ra7 22. Nb5 Ra4 23. a3 Raa8 24. Rc1 Qd7 25. h3 h5 26. Rxc8+ Rxc8 27. Rf6 Rc1+ 28. Kh2 Qe7 29. Qe3 Qxf6 30. Qxc1 Qf2 31. Nxd6 Nf3+ 32. Kh1 Qg3 33. Qc8+ Kh7 34. gxf3 Qxf3+ 35. Kg1 Qd1+ 36. Kf2 Qd2+ 37. Kf3 Qd3+ 38. Kf4 Qd2+ 39. Ke5 Qb2+ 40. Kf4 Qf2+ 41. Kg5 Qg3+ 42. Kf6 Qxd6+ 1/2-1/2

[Event "FIDE WCCC Open-12 2024"]
[Site "Montesilvano"]
[Date "2024.11.24"]
[Round "9.48"]
[White "Anagnostopoulos, Panagiotis"]
[Black "Boiko, Nazar"]
[Result "1-0"]
[ECO "C02"]
[WhiteElo "1848"]
[BlackElo "1614"]
[Annotator "NA RC"]
[PlyCount "69"]
[EventDate "2024.11.18"]
[EventType "swiss"]
[EventCountry "ITA"]
[SourceTitle "playchess.com"]
[Source "ChessBase"]
[SourceQuality "1"]
[TimeControl "5400+30"]

1. e4 e6 2. d4 d5 3. e5 c5 4. c3 Qb6 5. Nf3 Nc6 6. Bd3 cxd4 7. O-O dxc3 8. Nxc3 Nge7 9. Be3 Qd8 10. Bg5 Qd7 11. h4 Ng6 12. Qe2 Be7 13. h5 Bxg5 14. hxg6 Bd8 15. gxf7+ Qxf7 16. Nb5 Bc7 17. Ng5 Qe7 18. Qh5+ g6 19. Bxg6+ hxg6 20. Qxh8+ Kd7 21. Nxc7 Kxc7 22. Qf6 Qxf6 23. exf6 Bd7 24. Rfe1 e5 25. Rad1 d4 26. Nh7 Be8 27. f4 exf4 28. Rxe8 Rxe8 29. f7 Ra8 30. f8=Q Rxf8 31. Nxf8 Kd6 32. Nxg6 Kd5 33. Nxf4+ Ke4 34. Nd3 Ke3 35. Kf1 1-0

[Event "FIDE WCCC Open-12 2024"]
[Site "Montesilvano"]
[Date "2024.11.24"]
[Round "9.49"]
[White "Isakov, Amin"]
[Black "Petrovski, Nikola"]
[Result "1/2-1/2"]
[ECO "D75"]
[WhiteElo "1698"]
[BlackElo "1829"]
[Annotator "NA RC"]
[PlyCount "59"]
[EventDate "2024.11.18"]
[EventType "swiss"]
[EventCountry "ITA"]
[SourceTitle "playchess.com"]
[Source "ChessBase"]
[SourceQuality "1"]
[TimeControl "5400+30"]

1. d4 Nf6 2. c4 g6 3. Nc3 d5 4. cxd5 Nxd5 5. Nf3 Bg7 6. g3 O-O 7. Bg2 Nxc3 8. bxc3 c5 9. O-O Nc6 10. e3 Qc7 11. Qe2 Rd8 12. Rd1 e6 13. Ba3 cxd4 14. cxd4 Qa5 15. Bb2 Rb8 16. Nd2 Ne7 17. Rdc1 Bd7 18. Rc5 Qa4 19. Nb3 b6 20. Rc4 Qa6 21. Qc2 Rbc8 22. Rc7 Nd5 23. Rxc8 Rxc8 24. Qd2 Qa4 25. h3 Nb4 26. Bc3 Nd5 27. Bb2 h6 28. Be4 Nb4 29. Bc3 Nd5 30. Bb2 1/2-1/2

[Event "FIDE WCCC Open-12 2024"]
[Site "Montesilvano"]
[Date "2024.11.24"]
[Round "9.50"]
[White "Padure, Dragos-Alexandru"]
[Black "Son, Juwon"]
[Result "1-0"]
[ECO "B33"]
[WhiteElo "1822"]
[BlackElo "1448"]
[Annotator "NA RC"]
[PlyCount "99"]
[EventDate "2024.11.18"]
[EventType "swiss"]
[EventCountry "ITA"]
[SourceTitle "playchess.com"]
[Source "ChessBase"]
[SourceQuality "1"]
[TimeControl "5400+30"]

1. e4 c5 2. Nf3 Nc6 3. d4 cxd4 4. Nxd4 Nf6 5. Nc3 e5 6. Ndb5 d6 7. Bg5 a6 8. Na3 b5 9. Nd5 Be7 10. Bxf6 Bxf6 11. c3 Ne7 12. Nc2 Nxd5 13. Qxd5 Ra7 14. Rd1 Bb7 15. Qd3 O-O 16. Be2 Qa8 17. Bf3 Rd8 18. O-O Bc6 19. b3 a5 20. c4 b4 21. Ne3 g6 22. Rd2 a4 23. Rfd1 axb3 24. axb3 Bg5 25. g4 f5 26. gxf5 gxf5 27. Nxf5 Bxd2 28. Qxd2 Kh8 29. Nxd6 Rdd7 30. Qh6 Qg8+ 31. Kh1 Qg6 32. Qf8+ Qg8 33. Qf6+ Qg7 34. Nf7+ Kg8 35. Rg1 Qxg1+ 36. Kxg1 Rxf7 37. Qxc6 Rxf3 38. Qe8+ Kg7 39. Qxe5+ Kg8 40. Qb8+ Kf7 41. Qxa7+ Ke6 42. Qb6+ Ke5 43. Qc5+ Kxe4 44. Qd5+ Kf4 45. Qxf3+ Kxf3 46. c5 Ke4 47. c6 Kd3 48. c7 Kc2 49. c8=Q+ Kxb3 50. f4 1-0

[Event "FIDE WCCC Open-12 2024"]
[Site "Montesilvano"]
[Date "2024.11.24"]
[Round "9.51"]
[White "Mihajlovic, Stefan"]
[Black "Zhang, Sean"]
[Result "0-1"]
[ECO "A00"]
[WhiteElo "1594"]
[BlackElo "1789"]
[Annotator "NA RC"]
[PlyCount "56"]
[EventDate "2024.11.18"]
[EventType "swiss"]
[EventCountry "ITA"]
[SourceTitle "playchess.com"]
[Source "ChessBase"]
[SourceQuality "1"]
[TimeControl "5400+30"]

1. g4 d5 2. Bg2 Bxg4 3. c4 e6 4. Qa4+ Qd7 5. Qxd7+ Nxd7 6. cxd5 exd5 7. Bxd5 c6 8. Bg2 Ngf6 9. Nc3 Bd6 10. d3 O-O-O 11. Bd2 Rhe8 12. O-O-O Bc5 13. f3 Be6 14. e4 Ne5 15. Bf1 Nxd3+ 16. Bxd3 Rxd3 17. e5 Nd5 18. Ne4 Be7 19. Ne2 Rxf3 20. Rdf1 Rxf1+ 21. Rxf1 Rd8 22. Ng5 Bxg5 23. Bxg5 Rd7 24. Ng3 Nb4 25. Nh5 h6 26. Bf4 Bf5 27. Bd2 Nxa2+ 28. Kd1 Bg4+ 0-1

[Event "FIDE WCCC Open-12 2024"]
[Site "Montesilvano"]
[Date "2024.11.24"]
[Round "9.52"]
[White "Wang, Yu-Chi Xavier"]
[Black "Pham, Le Thao Nguyen"]
[Result "1/2-1/2"]
[ECO "B22"]
[WhiteElo "1543"]
[BlackElo "2384"]
[Annotator "RC"]
[PlyCount "53"]
[EventDate "2024.11.18"]
[EventType "swiss"]
[EventCountry "ITA"]
[SourceTitle "playchess.com"]
[Source "ChessBase"]
[SourceQuality "1"]
[TimeControl "5400+30"]

1. e4 c5 2. c3 Nf6 3. e5 Nd5 4. d4 cxd4 5. Nf3 Nc6 6. cxd4 d6 7. Bc4 e6 8. Bxd5 exd5 9. O-O Be7 10. h3 O-O 11. Nc3 Be6 12. Re1 dxe5 13. Nxe5 Nxe5 14. Rxe5 Bf6 15. Re2 Qa5 16. Bf4 Rac8 17. Be5 Be7 18. Rc1 b5 19. Rec2 b4 20. Ne2 Qxa2 21. Nf4 Rxc2 22. Rxc2 Qa6 23. Rc7 Bd6 24. Bxd6 Qxd6 25. Nxe6 Qxe6 26. Rxa7 Rc8 27. Qd2 1/2-1/2

[Event "FIDE WCCC Open-12 2024"]
[Site "Montesilvano"]
[Date "2024.11.24"]
[Round "9.53"]
[White "Ilcic, Aleksa"]
[Black "Teo, Hong Kai Javier"]
[Result "1-0"]
[ECO "E11"]
[WhiteElo "1757"]
[BlackElo "1675"]
[Annotator "NA RC"]
[PlyCount "71"]
[EventDate "2024.11.18"]
[EventType "swiss"]
[EventCountry "ITA"]
[SourceTitle "playchess.com"]
[Source "ChessBase"]
[SourceQuality "1"]
[TimeControl "5400+30"]

1. d4 e6 2. c4 Nf6 3. Nf3 Bb4+ 4. Bd2 Bxd2+ 5. Nbxd2 d6 6. e3 b6 7. Be2 Bb7 8. O-O O-O 9. Qc2 Nbd7 10. Rfd1 Qe7 11. Bd3 e5 12. dxe5 dxe5 13. Ne4 Rad8 14. Rac1 Rfe8 15. a3 a5 16. Nfg5 h6 17. Nxf6+ Qxf6 18. Be4 Bxe4 19. Nxe4 Qe6 20. c5 f5 21. cxb6 fxe4 22. bxc7 Rc8 23. Qxe4 Nf6 24. Qb7 Ra8 25. Qxa8 Rxa8 26. Rd8+ Rxd8 27. cxd8=Q+ Kh7 28. Qxa5 Qf5 29. Qc3 e4 30. h3 Nd7 31. b4 Ne5 32. Qc5 Qf6 33. Qd4 Qf5 34. Rc5 Nf3+ 35. gxf3 Qxf3 36. Rc7 1-0

[Event "FIDE WCCC Open-12 2024"]
[Site "Montesilvano"]
[Date "2024.11.24"]
[Round "9.54"]
[White "Macia Tell, Dario"]
[Black "Yin, Milo"]
[Result "0-1"]
[ECO "D35"]
[WhiteElo "1520"]
[BlackElo "1925"]
[Annotator "NA RC"]
[PlyCount "80"]
[EventDate "2024.11.18"]
[EventType "swiss"]
[EventCountry "ITA"]
[SourceTitle "playchess.com"]
[Source "ChessBase"]
[SourceQuality "1"]
[TimeControl "5400+30"]

1. d4 d5 2. c4 e6 3. Nc3 Nf6 4. Bg5 c6 5. cxd5 exd5 6. e3 Be6 7. Bd3 Nbd7 8. Qc2 h6 9. Bh4 g5 10. Bg3 Nh5 11. Nge2 Nxg3 12. hxg3 Qa5 13. Qa4 Bb4 14. Qxa5 Bxa5 15. a3 Bc7 16. b4 Ke7 17. Kd2 b5 18. Rac1 Bd6 19. e4 dxe4 20. Nxe4 Rac8 21. Nxd6 Kxd6 22. Rh2 Nf6 23. f3 h5 24. Nc3 a5 25. Ne4+ Nxe4+ 26. Bxe4 Bc4 27. Rch1 axb4 28. axb4 Ra8 29. Rxh5 Ra2+ 30. Kc3 Rha8 31. Rh6+ f6 32. d5 R8a3+ 33. Kd4 Rd2+ 34. Bd3 Raxd3+ 35. Ke4 Rxd5 36. f4 g4 37. Re1 Ke6 38. Rh8 R5d4+ 39. Ke3 R4d3+ 40. Ke4 f5# 0-1

[Event "FIDE WCCC Open-12 2024"]
[Site "Montesilvano"]
[Date "2024.11.24"]
[Round "9.55"]
[White "Sharku, Uvejs"]
[Black "Wang, Luis"]
[Result "1-0"]
[ECO "A45"]
[WhiteElo "1516"]
[BlackElo "1751"]
[Annotator "NA RC"]
[PlyCount "117"]
[EventDate "2024.11.18"]
[EventType "swiss"]
[EventCountry "ITA"]
[SourceTitle "playchess.com"]
[Source "ChessBase"]
[SourceQuality "1"]
[TimeControl "5400+30"]

1. d4 Nf6 2. Bf4 c5 3. dxc5 Qa5+ 4. Nc3 Ne4 5. Bd2 Nxd2 6. Qxd2 Qxc5 7. Nf3 Nc6 8. e4 g6 9. Nb5 Nb4 10. c3 Na6 11. Be2 Bg7 12. O-O Nc7 13. Nxc7+ Qxc7 14. Nd4 Be5 15. f4 Bg7 16. Rf3 b6 17. Nb5 Qc6 18. Bd3 Bb7 19. f5 gxf5 20. Rxf5 e6 21. Rf3 a6 22. Nd4 Qc5 23. Qf2 f5 24. Re3 Bxd4 25. cxd4 Qxd4 26. exf5 O-O-O 27. Bxa6 exf5 28. Rc3+ Qxc3 29. Bxb7+ Kxb7 30. bxc3 Rhg8 31. Rb1 Rg6 32. Qxf5 Kc7 33. c4 Ra8 34. Rd1 Rd8 35. c5 b5 36. Qe5+ Kb7 37. Rb1 Kc6 38. Qe4+ d5 39. cxd6+ Kxd6 40. Rd1+ Kc7 41. Qc2+ Rc6 42. Qxc6+ Kxc6 43. Rxd8 Kc5 44. g4 Kc4 45. Rd2 Kc3 46. Rf2 b4 47. h4 Kd4 48. g5 Kc5 49. g6 hxg6 50. Rg2 Kb5 51. Rxg6 Ka4 52. h5 Ka3 53. Rg2 Ka4 54. h6 Kb5 55. h7 Ka4 56. h8=Q Ka5 57. Qe8 b3 58. axb3 Kb4 59. Qe4+ 1-0

[Event "FIDE WCCC Open-12 2024"]
[Site "Montesilvano"]
[Date "2024.11.24"]
[Round "9.56"]
[White "Wang, William Kaiyuan"]
[Black "Zutautas, Mantas"]
[Result "1-0"]
[ECO "C15"]
[WhiteElo "1715"]
[BlackElo "1540"]
[Annotator "NA RC"]
[PlyCount "83"]
[EventDate "2024.11.18"]
[EventType "swiss"]
[EventCountry "ITA"]
[SourceTitle "playchess.com"]
[Source "ChessBase"]
[SourceQuality "1"]
[TimeControl "5400+30"]

1. e4 e6 2. d4 d5 3. Nc3 Bb4 4. Nge2 dxe4 5. a3 Bf8 6. Nxe4 Nd7 7. N2c3 Ngf6 8. Bc4 b6 9. O-O Bb7 10. Ng3 c5 11. d5 exd5 12. Re1+ Be7 13. Bxd5 Nxd5 14. Nxd5 Bxd5 15. Qxd5 O-O 16. Bf4 Re8 17. Rad1 Nf6 18. Qg5 Qc8 19. Rxe7 Rxe7 20. Nf5 Qf8 21. Bd6 Rd8 22. f3 Rxd6 23. Rxd6 Re6 24. Rd8 Re8 25. Rxe8 Nxe8 26. Qe7 g6 27. Qg5 f6 28. Qg4 Kh8 29. Ne3 Qe7 30. Kf2 Nd6 31. b3 Kg7 32. h4 Kf7 33. h5 f5 34. hxg6+ hxg6 35. Qf4 Kg7 36. Nd5 Qe6 37. Nc7 Qe7 38. Qxd6 Qh4+ 39. Ke2 Qh1 40. Qe7+ Kh6 41. Qf8+ Kg5 42. Ne6+ 1-0

[Event "FIDE WCCC Open-12 2024"]
[Site "Montesilvano"]
[Date "2024.11.24"]
[Round "9.57"]
[White "Park, Onyoo"]
[Black "Huang, Hao-Xuan"]
[Result "1-0"]
[ECO "D10"]
[WhiteElo "1710"]
[BlackElo "1516"]
[Annotator "NA RC"]
[PlyCount "145"]
[EventDate "2024.11.18"]
[EventType "swiss"]
[EventCountry "ITA"]
[SourceTitle "playchess.com"]
[Source "ChessBase"]
[SourceQuality "1"]
[TimeControl "5400+30"]

1. d4 d5 2. c4 c6 3. cxd5 cxd5 4. Nc3 Nf6 5. Bg5 Nc6 6. Bxf6 exf6 7. e3 Bb4 8. Nge2 Bg4 9. Qb3 Qd7 10. Nf4 Rd8 11. h3 Be6 12. Be2 O-O 13. Bf3 Bxc3+ 14. Qxc3 Rc8 15. Qd2 Rfe8 16. O-O Ne7 17. Rac1 Nf5 18. Rxc8 Rxc8 19. Rc1 Rc6 20. Rxc6 Qxc6 21. Ne2 h6 22. Nc3 Nd6 23. Ne2 Nc4 24. Qc3 Qb6 25. b3 Na3 26. Nf4 Qc6 27. Qc5 Qxc5 28. dxc5 Bf5 29. Nxd5 Kf8 30. Kf1 Ke8 31. Nc3 b6 32. Be4 Be6 33. cxb6 axb6 34. Ke2 Kd7 35. Bd5 Kd6 36. Bxe6 fxe6 37. Kd3 f5 38. f4 Kc5 39. Ne2 Kd5 40. Nc3+ Kc5 41. e4 b5 42. Ne2 g6 43. Nd4 Kd6 44. exf5 exf5 45. Kc3 Kd5 46. Kd3 h5 47. Nf3 Ke6 48. Kc3 Nb1+ 49. Kb2 Nd2 50. Nxd2 Kd5 51. Kc3 Kc5 52. a4 b4+ 53. Kd3 Kd5 54. a5 Kc5 55. Nc4 Kb5 56. Kd4 Kc6 57. a6 h4 58. Ke5 Kc7 59. Kf6 Kb8 60. Kxg6 Ka7 61. Kxf5 Kxa6 62. Ke6 Kb5 63. f5 Kc5 64. f6 Kd4 65. f7 Kc3 66. Na5 Kb2 67. f8=Q Ka3 68. Qc5 Ka2 69. Qc2+ Ka1 70. Qe2 Kb1 71. Nc4 Kc1 72. Qd2+ Kb1 73. Qb2# 1-0

[Event "FIDE WCCC Open-12 2024"]
[Site "Montesilvano"]
[Date "2024.11.24"]
[Round "9.58"]
[White "Andreiev, Andrii"]
[Black "Lenoks, Martin Jr."]
[Result "1-0"]
[ECO "B11"]
[WhiteElo "1704"]
[BlackElo "1514"]
[Annotator "NA RC"]
[PlyCount "57"]
[EventDate "2024.11.18"]
[EventType "swiss"]
[EventCountry "ITA"]
[SourceTitle "playchess.com"]
[Source "ChessBase"]
[SourceQuality "1"]
[TimeControl "5400+30"]

1. e4 c6 2. Nc3 d5 3. Nf3 dxe4 4. Nxe4 Bf5 5. Ng3 Bg6 6. h4 h6 7. Ne5 Bh7 8. Bc4 e6 9. Qe2 Qc7 10. d3 Bd6 11. Bf4 f6 12. Nf7 Bb4+ 13. c3 Bxc3+ 14. bxc3 Qxf7 15. Bd6 Kd7 16. Ba3 Ne7 17. Ne4 Nc8 18. Nc5+ Ke8 19. Nxe6 Bxd3 20. Qxd3 Qd7 21. Qg6+ Qf7 22. Nc7+ Kd8 23. Qxf7 Nb6 24. O-O-O+ Kc8 25. Be6+ N8d7 26. Bxd7+ Nxd7 27. Qxd7+ Kb8 28. Bd6 a6 29. Nb5# 1-0

[Event "FIDE WCCC Open-12 2024"]
[Site "Montesilvano"]
[Date "2024.11.24"]
[Round "9.59"]
[White "Mohd Firdaus, Firast Haiqal"]
[Black "Su, Jayden Chenxuan"]
[Result "1/2-1/2"]
[ECO "D02"]
[WhiteElo "1514"]
[BlackElo "1700"]
[Annotator "NA RC"]
[PlyCount "149"]
[EventDate "2024.11.18"]
[EventType "swiss"]
[EventCountry "ITA"]
[SourceTitle "playchess.com"]
[Source "ChessBase"]
[SourceQuality "1"]
[TimeControl "5400+30"]

1. Nf3 d5 2. d4 Nf6 3. Bf4 c5 4. c3 Nc6 5. e3 Qb6 6. Qc2 Bf5 7. Qc1 e6 8. Be2 Be7 9. O-O h6 10. h3 O-O 11. Nbd2 Rac8 12. dxc5 Bxc5 13. Nb3 Be7 14. Nfd4 Nxd4 15. exd4 a6 16. Qe3 Bg6 17. Bd3 Bxd3 18. Qxd3 a5 19. Qe2 a4 20. Nc1 a3 21. bxa3 Rxc3 22. Nb3 Bxa3 23. Rab1 Qd8 24. Qb5 Rc2 25. Na5 Qc8 26. Qb3 Rc3 27. Qxb7 Qxb7 28. Nxb7 Rc2 29. Ra1 Bb2 30. Rad1 Ra8 31. Nc5 Rxa2 32. Nd3 Rc4 33. Nxb2 Rxb2 34. Be3 Ne4 35. Rb1 Re2 36. Rfc1 Nc3 37. Kf1 Rxe3 38. fxe3 Nxb1 39. Rxb1 Rc2 40. Re1 Rd2 41. Re2 Rxe2 42. Kxe2 Kh7 43. Kf3 Kg6 44. Kg4 Kf6 45. Kf4 g5+ 46. Kg4 Kg6 47. h4 f5+ 48. Kh3 gxh4 49. Kxh4 h5 50. g3 Kh6 51. Kh3 Kg5 52. Kg2 Kg4 53. Kf2 Kg5 54. Kf3 Kg6 55. Kf4 Kf6 56. Kf3 e5 57. dxe5+ Kxe5 58. Kf2 Kf6 59. Kg2 Kg6 60. Kf2 Kg5 61. Kf3 Kg6 62. Kg2 Kf6 63. Kf2 Ke5 64. Kf3 Ke6 65. Ke2 Kd6 66. Kd2 Kc5 67. Kd3 Kd6 68. Kd2 Ke5 69. Kd3 Kd6 70. Kd2 Ke6 71. Ke2 Kf6 72. Kf2 Kg6 73. Kg2 Kh6 74. Kh2 Kg5 75. Kh3 1/2-1/2

[Event "FIDE WCCC Open-12 2024"]
[Site "Montesilvano"]
[Date "2024.11.24"]
[Round "9.60"]
[White "Zhan, Jayden Zihan"]
[Black "Mamarasulov, Husan"]
[Result "1-0"]
[ECO "B23"]
[WhiteElo "1670"]
[BlackElo "1407"]
[Annotator "NA RC"]
[PlyCount "51"]
[EventDate "2024.11.18"]
[EventType "swiss"]
[EventCountry "ITA"]
[SourceTitle "playchess.com"]
[Source "ChessBase"]
[SourceQuality "1"]
[TimeControl "5400+30"]

1. e4 c5 2. Nc3 d6 3. f4 Nf6 4. Nf3 Bg4 5. Bc4 e6 6. O-O Be7 7. d3 O-O 8. h3 Bxf3 9. Qxf3 Nc6 10. Be3 a6 11. a4 Nb4 12. Bb3 d5 13. e5 Nd7 14. Bf2 f6 15. Qg4 fxe5 16. Qxe6+ Kh8 17. fxe5 d4 18. Nd5 Nxd5 19. Bxd5 Rb8 20. Bg3 Rxf1+ 21. Rxf1 b5 22. a5 Bg5 23. Qf7 Be3+ 24. Kh2 Qe8 25. e6 Qxf7 26. Rxf7 1-0

[Event "FIDE WCCC Open-12 2024"]
[Site "Montesilvano"]
[Date "2024.11.24"]
[Round "9.63"]
[White "Stefanov, Stefan"]
[Black "To, Nam Long"]
[Result "0-1"]
[ECO "E91"]
[WhiteElo "1478"]
[BlackElo "1608"]
[Annotator "NA RC"]
[PlyCount "58"]
[EventDate "2024.11.18"]
[EventType "swiss"]
[EventCountry "ITA"]
[SourceTitle "playchess.com"]
[Source "ChessBase"]
[SourceQuality "1"]
[TimeControl "5400+30"]

1. d4 d6 2. Nf3 Nf6 3. c4 g6 4. Nc3 Bg7 5. e4 O-O 6. Be2 b6 7. O-O Bb7 8. d5 Nbd7 9. Re1 e5 10. Bg5 h6 11. Bc1 a5 12. b3 Nxe4 13. Nxe4 f5 14. Nc3 e4 15. Nd4 Qf6 16. Be3 f4 17. Nxe4 Qe5 18. Qd3 fxe3 19. fxe3 Rae8 20. Ne6 Rxe6 21. dxe6 Bxe4 22. Qd2 Qg5 23. Bd3 Bxd3 24. Qxd3 Bxa1 25. Rxa1 Qf6 26. h3 Qxa1+ 27. Kh2 Qe5+ 28. Kg1 Qxe6 29. Kh1 Kh7 0-1

[Event "FIDE WCCC Open-12 2024"]
[Site "Montesilvano"]
[Date "2024.11.24"]
[Round "9.64"]
[White "Krasniqi, Troi"]
[Black "Maari Kelly Sosi"]
[Result "1-0"]
[ECO "C44"]
[WhiteElo "1610"]
[BlackElo "1587"]
[Annotator "NA RC"]
[PlyCount "41"]
[EventDate "2024.11.18"]
[EventType "swiss"]
[EventCountry "ITA"]
[SourceTitle "playchess.com"]
[Source "ChessBase"]
[SourceQuality "1"]
[TimeControl "5400+30"]

1. e4 e5 2. Nf3 Nc6 3. d4 exd4 4. Bc4 Bc5 5. c3 dxc3 6. Bxf7+ Kxf7 7. Qd5+ Ke8 8. Qh5+ Kf8 9. Qxc5+ Nge7 10. Nxc3 d6 11. Qe3 Nb4 12. Qe2 Bg4 13. a3 Nbc6 14. h3 Bh5 15. Bf4 Kf7 16. Ng5+ Ke8 17. Qxh5+ Ng6 18. O-O Kd7 19. Qg4+ Ke8 20. Nd5 Nce7 21. Ne6 1-0

[Event "FIDE WCCC Open-12 2024"]
[Site "Montesilvano"]
[Date "2024.11.24"]
[Round "9.67"]
[White "Williams, Henry"]
[Black "Anuzis, Finas"]
[Result "0-1"]
[ECO "E91"]
[WhiteElo "1695"]
[BlackElo "1614"]
[Annotator "NA RC"]
[PlyCount "132"]
[EventDate "2024.11.18"]
[EventType "swiss"]
[EventCountry "ITA"]
[SourceTitle "playchess.com"]
[Source "ChessBase"]
[SourceQuality "1"]
[TimeControl "5400+30"]

1. c4 a6 2. d4 g6 3. e4 Bg7 4. Nf3 d6 5. Nc3 Nf6 6. Be2 O-O 7. O-O Nbd7 8. Bd2 c5 9. d5 Ng4 10. h3 Nge5 11. Nxe5 Nxe5 12. f4 Nd7 13. Qc2 Rb8 14. Qd3 Nb6 15. a3 Na8 16. Rab1 Bd7 17. b4 b6 18. b5 axb5 19. cxb5 Nc7 20. a4 Ra8 21. Qc4 e6 22. Bf3 Rb8 23. Ne2 exd5 24. exd5 Bf5 25. Rbe1 Re8 26. Ng3 Qf6 27. Nxf5 Qxf5 28. Be4 Qf6 29. Bc1 Qd4+ 30. Qxd4 Bxd4+ 31. Kh1 Bc3 32. Re3 f5 33. Rxc3 Rxe4 34. Rd1 Rxa4 35. Rb3 Re8 36. Bb2 Ree4 37. Bc1 Reb4 38. Rdd3 Rxb3 39. Rxb3 Kf7 40. Kh2 Nxd5 41. Bd2 Nxf4 42. Bxf4 Rxf4 43. Rd3 Ke6 44. Re3+ Re4 45. Ra3 Rb4 46. Ra2 Rxb5 47. Re2+ Kd7 48. Ra2 Ra5 49. Rb2 b5 50. Kg3 Ke6 51. Re2+ Kf7 52. Kf4 h6 53. Rd2 Ra6 54. Rb2 Rb6 55. Rd2 b4 56. g4 b3 57. Rd1 b2 58. Rb1 fxg4 59. Kxg4 c4 60. Rf1+ Kg7 61. h4 b1=Q 62. Rg1 Qxg1+ 63. Kf4 Qd4+ 64. Kg3 Rb3+ 65. Kh2 Qd2+ 66. Kg1 Rb1# 0-1